 Dungeon Crawl Stone Soup version 0.30-a0-852-g08b95dd62f (webtiles) character file.

Game seed: 887106361789312141

115 jimonade the Magician (level 5, -2/39 HPs)
             Began as a Djinni Warper on Mar 5, 2023.
             Slain by a wight
             ... wielding a +0 scimitar
              (10 damage)
             ... on level 2 of the Dungeon.
             The game lasted 00:06:07 (2486 turns).

jimonade the Magician (Djinni Warper)               Turns: 2486, Time: 00:06:08

Health: -2/39      AC: 13    Str: 12    XL:     5   Next: 20%
Gold:   146        EV:  4    Int: 14    God:
                   SH:  9    Dex: 13

rFire   + + .      SeeInvis .    a - +0 short sword
rCold   x . .      Faith    .    j - +2 kite shield
rNeg    . . .      Spirit   .    r - +0 chain mail
rPois   ∞          Reflect  .    t - +0 helmet
rElec   .          Rampage  .    (no cloak)
rCorr   .                        (no gloves)
Will    .....                    (boots unavailable) Stlth
                                 (no amulet)
HPRegen 0.26/turn                o - +4 ring of protection
MPRegen 0.00/turn                (no ring)

@: flying
A: sickness immunity, fire resistance 2, cold vulnerability 1, float, innate
caster, HP casting, extra vitality 1
a: no special abilities


You were on level 2 of the Dungeon.
You visited 1 branch of the dungeon, and saw 3 of its levels.

You collected 146 gold pieces.

Inventory:

Hand Weapons
 a - a +0 short sword (weapon)
 x - a +0 spear
Missiles
 d - 7 boomerangs of dispersal (quivered)
 f - 2 poisoned darts
 i - 3 boomerangs
Armour
 b - a +0 leather armour
 j - a +2 kite shield (worn)
 p - a +0 ring mail
 r - a +0 chain mail (worn)
 t - a +0 helmet (worn)
Jewellery
 o - a +4 ring of protection (left hand)
Scrolls
 c - 2 scrolls of blinking
 e - 2 scrolls of poison {unknown}
 g - a scroll of enchant weapon {unknown}
 h - a scroll of magic mapping {unknown}
 l - 7 scrolls of identify {unknown}
 n - a scroll of acquirement {unknown}
 s - 2 scrolls of brand weapon {unknown}
 u - a scroll of butterflies {unknown}
 v - a scroll of torment {unknown}
Potions
 k - a potion of might {unknown}
 m - a potion of attraction {unknown}
 q - 5 potions of curing {unknown}
 w - a potion of heal wounds {unknown}


   Skills:
 + Level 2.3 Fighting
 + Level 2.3 Short Blades
 + Level 0.7 Throwing
 + Level 1.8 Armour
 + Level 3.0 Dodging
 + Level 1.1 Shields
 * Level 3.1 Spellcasting


You knew the following spells:

 Your Spells              Type           Power      Damage    Failure   Level
a - Blink                 Tloc           22%        N/A       100%        2
b - Lesser Beckoning      Tloc           22%        N/A       100%        2
c - Vhi's Electric Charg  Tloc/Air       22%        N/A       100%        3
d - Teleport Other        Tloc           11%        N/A       100%        3
e - Manifold Assault      Tloc           11%        N/A       100%        4
f - Shock                 Conj/Air       44%        1d5       100%        1
g - Passwall              Tmut/Erth      9%         N/A       100%        2
Your spell library was empty.


Dungeon Overview and Level Annotations

Branches:
Dungeon (3/15)

Altars:
Elyvilon


Innate Abilities, Weirdness & Mutations

You are immune to sickness and miasma.
You are immune to poison.
Your flesh is very heat resistant. (rF++)
You are vulnerable to cold. (rC-)
You float through the air rather than walking.
You learn spells naturally, not from books.
Your magical power is your life essence.
You have superior vitality. (+4 MHP)


Message History

The jackal is moderately wounded.
The jackal bites you but does no damage. x2
You closely miss the jackal.
The jackal is moderately wounded.
The jackal bites you but does no damage.
You hit the jackal.
The jackal is severely wounded.
The jackal barely misses you. You block the jackal's attack.
You hit the jackal.
You kill the jackal!
You fly upwards.
There is a stone staircase leading down here.
You hit the wight but do no damage. The wight hits you with a +0 scimitar.
You hit the wight but do no damage. The wight hits you with a +0 scimitar!
You hit the wight but do no damage. You block the wight's attack.
You hit the wight but do no damage. The wight hits you with a +0 scimitar.
You hit the wight but do no damage. The wight hits you but does no damage.
You barely miss the wight. You block the wight's attack.
You hit the wight but do no damage. You block the wight's attack.
You hit the wight.
The wight is lightly damaged.
The wight hits you with a +0 scimitar. You block the wight's attack.
You closely miss the wight.
The wight is lightly damaged.
The wight hits you but does no damage.
You hit the wight.
The wight is lightly damaged.
The wight hits you with a +0 scimitar.
You hit the wight but do no damage.
The wight is lightly damaged.
The wight hits you with a +0 scimitar.
* * * LOW HITPOINT WARNING * * *
You hit the wight.
The wight is heavily damaged.
The wight hits you with a +0 scimitar.
* * * LOW HITPOINT WARNING * * *
You closely miss the wight.
The wight is heavily damaged.
The wight hits you with a +0 scimitar!
You die...

###.# ##.....## ####.####
#.# ##...## #.# #.# ##'##
#.# #.# #.# #.#
#####.##### #.# #.#
#...†.....###.## #.#
#.###.###......## #.# #.#
#......#....# #.# #.#
#####..@z..########.#
#.#######.#.#.##........#
#.........#......########
#############.#### #.#
#.# #.# ####### #.#
#.....# ####.#####


You could see a wight.

Vanquished Creatures
  3 adders (D:3)
  An ufetubus (D:3)
  2 worms (D:2)
  7 dart slugs
  8 bats
  5 endoplasms
  A giant cockroach (D:2)
  3 goblins
  7 hobgoblins
  3 jackals (D:3)
  2 quokkas
  2 ball pythons (D:2)
  5 frilled lizards
  7 kobolds
  7 rats
63 creatures vanquished.

Vanquished Creatures (others)
  A quokka (D:3)
  2 fungi (D:3)
  3 plants (D:3)
6 creatures vanquished.

Grand Total: 69 creatures vanquished

Notes
Turn   | Place    | Note
-------+----------+-------------------------------------------
     0 | D:1      | jimonade the Djinni Warper began the quest for the Orb.
     0 | D:1      | jimonade set off with the following spells memorised:
                  | Blink, Lesser Beckoning, Vhi's Electric Charge, Teleport
                  | Other, Manifold Assault.
     0 | D:1      | Reached XP level 1. HP: 18/18 MP: 0/0
   152 | D:1      | Reached XP level 2. HP: 21/23 MP: 0/0
   532 | D:1      | Reached XP level 3. HP: 28/28 MP: 0/0
   532 | D:1      | Learned a level 1 spell: Shock
  1256 | D:2      | Reached XP level 4. HP: 28/33 MP: 0/0
  1716 | D:3      | Found a faded altar of an unknown god.
  1891 | D:3      | Reached skill level 1 in Shields
  1891 | D:3      | Reached XP level 5. HP: 38/38 MP: 0/0
  1891 | D:3      | Learned a level 2 spell: Passwall
  2195 | D:3      | Found a white marble altar of Elyvilon.
  2486 | D:2      | Slain by a wight

Illustrated notes

Levels and vault maps discovered:
D:1:      psy_arrival_fountain, layout_rooms
D:2:      layout_loops_corners
D:3:      layout_loops_ring, elyvilon_altar_4,
          shapermc_ecumenical_altar_rom_forum, minmay_misc_feat_ornament

Skill      XL: |  1  2  3  4 |
---------------+-------------+-----
Short Blades   | 2 |  2.3
Spellcasting   | 3 |  3.1
Dodging        | 3 |  3.0
Shields        | 1 |  1.1
Fighting       | |  2.3
Throwing       | |  0.7
Armour         | |  1.8

Action                     |  1- 3 |  4- 6 || total
---------------------------+-------+-------++-------
  Melee: Short sword       |   192 |   202 ||   394
         Punch             |     1 |       ||     1
 Armour: Leather armour    |    38 |       ||    38
         Chain mail        |    28 |   137 ||   165
         Ring mail         |    12 |       ||    12
  Dodge: Dodged            |    76 |    44 ||   120
  Block: Kite shield       |    50 |   110 ||   160

Table legend: (Time is in decaauts)
 A = Elapsed time spent in this place.
 B = Non-inter-level travel time spent in this place.
 C = Inter-level travel time spent in this place.
 D = Time resting spent in this place.
 E = Time spent auto-exploring this place.
 F = Levels seen in this place.
 G = Mean time per level.
                   A        B        C        D        E       F      G
               +--------+--------+--------+--------+--------+-----+--------+
         Total |   2512 |   2437 |     75 |      0 |   1618 |   3 |  837.3 |
       Dungeon |   2512 |   2437 |     75 |      0 |   1618 |   3 |  837.3 |
               +--------+--------+--------+--------+--------+-----+--------+

Top non-repeatable levels by time:
     D:2: 1077 daAuts
     D:3: 785 daAuts
     D:1: 649 daAuts
